 Dungeon Crawl Stone Soup version 0.30.1-3-gfc49f6343a (webtiles) character file.

Game seed: 10784530911160705673

64 Peloso the Trooper (level 3, -3/33 HPs)
             Began as a Minotaur Fighter on July 31, 2023.
             Slain by a gnoll
             ... wielding a +0 spear
              (5 damage)
             ... on level 4 of the Dungeon.
             The game lasted 00:02:13 (1403 turns).

Peloso the Trooper (Minotaur Fighter)               Turns: 1403, Time: 00:02:13

Health: -3/33      AC:  9    Str: 20    XL:     3   Next: 91%
Magic:  2/2        EV:  8    Int:  5    God:
Gold:   98         SH:  5    Dex: 17    Spells: 2/2 levels left

rFire   . . .        a - +0 long sword
rCold   . . .        d - +0 buckler
rNeg    . . .        r - +0 chain mail
rPois   .            (helmet restricted)
rElec   .            (no cloak)
rCorr   .            (no gloves)
SInv    .            (no boots)
Will    .....        (no amulet) Stlth
                     e - +6 ring of dexterity
HPRegen 0.25/turn    (no ring)
MPRegen 0.08/turn

%: no passive effects
@: no status effects
A: horns 2, retaliatory headbutt
a: no special abilities


You were on level 4 of the Dungeon.
You visited 1 branch of the dungeon, and saw 3 of its levels.

You collected 98 gold pieces.

Inventory:

Hand Weapons
 a - a +0 long sword (weapon)
 c - a +3 short sword
Armour
 b - a +0 scale mail
 d - a +0 buckler (worn)
 r - a +0 chain mail (worn)
Jewellery
 e - a +6 ring of dexterity (left hand)
 k - an amulet of faith
 o - a ring of fire
Scrolls
 f - 2 scrolls of blinking {unknown}
 i - a scroll of fear {unknown}
 l - 5 scrolls of identify {unknown}
 m - a scroll of fog {unknown}
 q - a scroll of enchant armour {unknown}
Potions
 g - a potion of might
 h - a potion of lignification {unknown}
 j - a potion of experience {unknown}
 n - a potion of heal wounds {unknown}
 p - a potion of degeneration {unknown}


   Skills:
 + Level 4.3 Fighting
 + Level 3.3 Long Blades
 + Level 4.2 Armour
 + Level 0.3 Dodging
 + Level 4.2 Shields


You had 2 spell levels left.
You didn't know any spells.
Your spell library contained the following spells:

 Spells                   Type           Power      Damage    Failure   Level
 Summon Ice Beast         Ice/Summ       0%         N/A       100%        4
 Summon Mana Viper        Hex/Summ       0%         N/A       100%        5
 Monstrous Menagerie      Summ           0%         N/A       100%        7


Dungeon Overview and Level Annotations

Branches:
Dungeon (2/15)

Altars:


Innate Abilities, Weirdness & Mutations

You have a pair of horns on your head.
You reflexively headbutt those who attack you in melee.


Message History

The gnoll barely misses you. You furiously retaliate!
You headbutt the gnoll, but do no damage.
You slash the gnoll!
You kill the gnoll!
The gnoll hits you but does no damage. The gnoll hits you with a +0 spear.
The gnoll hits you from afar with a +0 spear.
You see here a +0 spear.
You closely miss the gnoll. The gnoll hits you with a +0 spear.
The gnoll hits you from afar with a +0 spear.
The gnoll barely misses you. You block the gnoll's attack.
You hit the gnoll but do no damage. You headbutt the gnoll!
The gnoll is severely wounded.
You block the gnoll's attack.
The gnoll hits you from afar with a +0 spear.
You hit the gnoll.
You kill the gnoll!
The gnoll hits you from afar with a +0 spear!
You block the gnoll's attack.
You see here a +0 spear.
You completely miss the gnoll. You headbutt the gnoll.
The gnoll is moderately wounded.
You block the gnoll's attack.
You hit the gnoll.
The gnoll is severely wounded.
The gnoll hits you with a +0 spear.
* * * LOW HITPOINT WARNING * * *
The gnoll hits you with a +0 spear.
* * * LOW HITPOINT WARNING * * *
You closely miss the gnoll. Your headbutt misses the gnoll.
The gnoll is severely wounded.
The gnoll hits you with a +0 spear.
* * * LOW HITPOINT WARNING * * *
You closely miss the gnoll.
The gnoll is severely wounded.
The gnoll barely misses you.
You closely miss the gnoll.
The gnoll is severely wounded.
The gnoll hits you with a +0 spear.
You die...

###########
#####.........#
#.........###.##
###.##...#...###
#......g.).....#
#.#.##...#)..#.#
#.#.##..g........
#
#g##..###.#...#.#
#@##..# ..........
#)##..#.........##
#.##............#
#.##.##...>.....#
#........
######.##


You could see a gnoll.

Vanquished Creatures
  3 gnolls
  A worm (D:2)
  4 bats (D:2)
  4 endoplasms
  A goblin (D:1)
  4 hobgoblins
  A jackal (D:2)
  2 kobolds
  A quokka (D:2)
  2 ball pythons (D:1)
  5 frilled lizards
  3 rats
31 creatures vanquished.

Notes
Turn   | Place    | Note
-------+----------+-------------------------------------------
     0 | D:1      | Peloso the Minotaur Fighter began the quest for the Orb.
     0 | D:1      | Reached XP level 1. HP: 19/19 MP: 0/0
   499 | D:1      | Reached XP level 2. HP: 27/27 MP: 1/1
   857 | D:1      | Found a faded altar of an unknown god.
  1196 | D:2      | Reached XP level 3. HP: 33/33 MP: 2/2
  1360 | D:2      | You fall into a shaft and drop 2 floors!
  1403 | D:4      | Slain by a gnoll

Illustrated notes

Levels and vault maps discovered:
D:1:      elethiomel_arrival_quiet, layout_loops_corners,
          ebering_ecumenical_altar_abandoned
D:2:      minmay_chambers_of_twos, layout_basic
D:4:      layout_loops_ring, portal_sewer_entry_e, st_stairs_1,
          grunt_decor_clamped, uniq_edmund

Skill      XL: |  1  2  3 |
---------------+----------+-----
Shields        | 4 |  4.2
Fighting       | 4 |  4.3
Armour         | 4 |  4.2
Long Blades    | 3 |  3.3
Dodging        | |  0.3

Action                     || total
---------------------------++-------
  Melee: Long sword        ||    68
         Headbutt          ||     4
 Armour: Scale mail        ||    27
         Chain mail        ||     2
  Dodge: Dodged            ||    30
  Block: Buckler           ||    15
